 Dungeon Sprint DCSS version 0.31-a0-960-g0fca184906 (webtiles) character file.

Game seed: 8921624405291295709

347 sircluck the Grappler (level 6, -6/71 HPs)
             Began as a Troll Berserker on Oct 23, 2023.
             Was a High Priest of Trog.
             Mangled by Gastronok (20 damage)
             ... in the Dungeon (Sprint VII: "The Pits").
             The game lasted 00:00:53 (342 turns).

sircluck the Grappler (Troll Berserker)              Turns: 342, Time: 00:00:53

Health: -6/71      AC:  4    Str: 28    XL:     6   Next: 32%
Magic:  5/5        EV: 11    Int:  3    God:    Trog [*****.]
Gold:   0          SH:  0    Dex:  9    Spells: 5/5 levels left

rFire   . .          .
                       - Unarmed
rCold   . . .        (no shield)
rNeg    . . .        a - +0 animal skin
rPois   .            (helmet restricted)
rElec   .            (no cloak)
rCorr   .            (gloves unavailable)
SInv    .            (boots unavailable)
Will    .....        (no amulet)
Stlth   +            (no ring)
HPRegen 1.11/turn    (no ring)
MPRegen 0.09/turn

%: no teleportation
@: slowed, very slow
A: large, unfitting armour, claws 3, regeneration 1, shaggy fur 1, tough skin 1
a: Renounce Religion, Berserk, Trog's Hand, Brothers in Arms


You were in the Dungeon.
You worshipped Trog.
Trog was extremely pleased with you.
You visited 1 branch

Inventory:

Armour
 a - a +0 animal skin (worn)
Scrolls
 g - a scroll of blinking
 i - 2 scrolls of vulnerability
 j - a scroll of butterflies
Potions
 b - 6 potions of curing
 c - 6 potions of heal wounds
 d - a potion of haste
 e - 4 potions of magic
 f - 3 potions of berserk rage
 h - 2 potions of invisibility


   Skills:
 + Level 7.1 Fighting
 + Level 7.0 Dodging
 + Level 8.4 Unarmed Combat


You had 5 spell levels left.
You didn't know any spells.
Your spell library was empty.

Dungeon Overview and Level Annotations

Branches:
Dungeon (1/1)

Altars:
Ashenzari
Cheibriados
Dithmenos
Elyvilon
Fedhas
Gozag
Hepliaklqana
Kikubaaqudgha
Makhleb
Nemelex Xobeh
Okawaru
Qazlal
Ru
Sif Muna
Trog
Uskayaw
Vehumet
Wu Jian
Xom
Yredelemnul
Zin
The Shining One
Jiyva
Lugonu

Annotations:
D Gastronok


Innate Abilities, Weirdness & Mutations

You are too large for most types of armour.
You have claws for hands.
Your natural rate of healing is unusually fast.
You are covered in fur. (AC +1)
You have tough skin. (AC +1)


Message History

A quokka skeleton comes into view.
You mangle the quokka skeleton!!
You destroy the quokka skeleton!
Trog accepts your kill.
There is an open door here.
You open the door.
Gastronok the Ponderous comes into view.
He is wearing a +2 hat of see invisible.
Gastronok gurgles horribly!
You claw Gastronok!
Gastronok is lightly wounded.
You scratch Gastronok.
Gastronok is lightly wounded.
Gastronok bites you!!
You claw Gastronok!
Gastronok is lightly wounded.
You claw Gastronok!
Gastronok is moderately wounded.
You scratch Gastronok.
Gastronok is moderately wounded.
Gastronok closely misses you.
You mangle Gastronok!!
Gastronok is moderately wounded.
You claw Gastronok! You claw Gastronok, but do no damage.
Gastronok is heavily wounded.
Gastronok casts a spell at you.
You feel yourself slow down.
You claw Gastronok!
Gastronok is heavily wounded.
You scratch Gastronok.
Gastronok is severely wounded.
Gastronok bites you!!!
Ouch! That really hurt!
* * * LOW HITPOINT WARNING * * *
You claw Gastronok!
Gastronok is severely wounded.
You mangle Gastronok!!
Gastronok is almost dead.
Gastronok bites you!!
You die...
Gastronok gurgles, "Let's see if you taste as good as that wizard did."

#.#........##.......#
#'###########.......#
#.......# #########
#.###...# #.#.....#
#.#...#.#+#
#.....#.#.+
#...###.#w#
#....†..'@#
###########


You could see Gastronok.

Vanquished Creatures
  A glass eye (D)
  A scorpion (D)
  A crimson imp (D)
  A quasit (D)
  A gnoll (D)
  An ufetubus (D)
  A worm (D)
  2 ball pythons (D)
  A giant cockroach (D)
  A hobgoblin (D)
  4 jackals (D)
  2 quokkas (D)
  A kobold (D)
  A quokka skeleton (D)
19 creatures vanquished.

Notes
Turn   | Place    | Note
-------+----------+-------------------------------------------
     0 | D        | sircluck the Troll Berserker began the quest for the Orb.
     0 | D        | Reached XP level 1. HP: 22/22 MP: 0/0
    20 | D        | Reached ** piety under Trog
    31 | D        | Found a bloodstained altar of Trog.
    31 | D        | Found a shimmering blue altar of Sif Muna.
    31 | D        | Found a viscous altar of Jiyva.
    31 | D        | Found a hazy altar of Hepliaklqana.
    31 | D        | Found an opulent altar of Gozag.
    32 | D        | Found a glowing golden altar of the Shining One.
    32 | D        | Found a glowing silver altar of Zin.
    32 | D        | Found a basalt altar of Yredelemnul.
    32 | D        | Found a shimmering altar of Xom.
    32 | D        | Found an ornate altar of the Wu Jian Council.
    32 | D        | Found a sacrificial altar of Ru.
    32 | D        | Found a stormy altar of Qazlal.
    32 | D        | Found an iron altar of Okawaru.
    32 | D        | Found a sparkling altar of Nemelex Xobeh.
    32 | D        | Found a burning altar of Makhleb.
    32 | D        | Found a blossoming altar of Fedhas.
    32 | D        | Found a white marble altar of Elyvilon.
    32 | D        | Found a shadowy altar of Dithmenos.
    32 | D        | Found a snail-covered altar of Cheibriados.
    35 | D        | Found a corrupted altar of Lugonu.
    35 | D        | Found a radiant altar of Vehumet.
    36 | D        | Found an ancient bone altar of Kikubaaqudgha.
    36 | D        | Found a hide-covered altar of Uskayaw.
    36 | D        | Found a broken altar of Ashenzari.
    69 | D        | Noticed a glass eye
    77 | D        | Reached skill level 4 in Unarmed Combat
    77 | D        | Reached XP level 2. HP: 18/31 MP: 1/1
    82 | D        | Killed a glass eye
    83 | D        | Reached skill level 7 in Unarmed Combat
    83 | D        | Reached XP level 3. HP: 33/44 MP: 2/2
    83 | D        | Reached XP level 4. HP: 39/52 MP: 3/3
    83 | D        | Reached XP level 5. HP: 44/59 MP: 4/4
   123 | D        | Reached *** piety under Trog
   138 | D        | Reached **** piety under Trog
   139 | D        | Reached XP level 6. HP: 24/68 MP: 5/5
   149 | D        | Reached skill level 8 in Unarmed Combat
   300 | D        | Reached ***** piety under Trog
   331 | D        | Noticed Gastronok
   342 | D        | Mangled by Gastronok

Illustrated notes

Levels and vault maps discovered:
D:        pitsprint [storerooms_1, entrance_room_1, metal_vault_5, armoury_1,
          mini_pit_1, grid_room_1, main_hall_1, silver_pit, the_coven_2,
          the_vestibule_1, steel_vault_4, golden_pit, hallway_of_sentries,
          crystal_vault_4, iron_vault_4, final_vault]

Skill      XL: |  1  2  3  4  5  6 |
---------------+-------------------+-----
Fighting       | 3 6 7 |  7.1
Dodging        | 3 6 7 |  7.0
Unarmed Combat | 4 7 8 |  8.4

Action                     |  1- 3 |  4- 6 || total
---------------------------+-------+-------++-------
  Melee: Unarmed           |    22 |    47 ||    69
         Punch             |     1 |     1 ||     2
 Invoke: Berserk           |     1 |       ||     1
 Armour: Animal skin       |     9 |    28 ||    37
  Dodge: Dodged            |     6 |    32 ||    38

Table legend: (Time is in decaauts)
 A = Elapsed time spent in this place.
 B = Non-inter-level travel time spent in this place.
 C = Inter-level travel time spent in this place.
 D = Time resting spent in this place.
 E = Time spent auto-exploring this place.
 F = Levels seen in this place.
 G = Mean time per level.
                   A        B        C        D        E       F      G
               +--------+--------+--------+--------+--------+-----+--------+
         Total |    343 |    343 |      0 |     42 |    102 |   1 |  343.0 |
       Dungeon |    343 |    343 |      0 |     42 |    102 |   1 |  343.0 |
               +--------+--------+--------+--------+--------+-----+--------+

Top non-repeatable levels by time:
       D: 343 daAuts
